 Dungeon Crawl Stone Soup version 0.28.0-43-g3370ac3207 (webtiles) character file.

Game seed: 16460716062331786454

452 smarlow the Ducker (level 7, -25/45 HPs)
             Began as a Djinni Fire Elementalist on Feb 28, 2022.
             Killed from afar by Ijyb (30 damage)
             ... with a bolt of acid
             ... on level 4 of the Dungeon.
             The game lasted 00:08:28 (5021 turns).

smarlow the Ducker (Djinni Fire Elementalist)       Turns: 5021, Time: 00:08:29

Health: -25/45     AC:  2    Str:  7    XL:     7   Next: 25%
Gold:   149        EV: 14    Int: 18    God:
                   SH:  0    Dex: 14

rFire   + + +      SeeInvis .   b - +0 dagger (speed)
rCold   . . .      Faith    .   (no shield)
rNeg    . . .      Spirit   .   a - +0 robe
rPois   ∞          Reflect  .   (no helmet)
rElec   .          Harm     .   g - scarf {rC+ rF+}
rCorr   .          Rampage  .   (no gloves)
Will    .....                   (boots unavailable)
Stlth   +++.......              (no amulet)
HPRegen 0.15/turn               (no ring)
MPRegen 0.00/turn               (no ring)

@: flying, very slightly contaminated
A: sickness immunity, fire resistance 2, cold vulnerability 1, float, innate
caster, HP casting, extra vitality 1
a: no special abilities


You were on level 4 of the Dungeon.
You visited 1 branch of the dungeon, and saw 5 of its levels.

You collected 149 gold pieces.

Inventory:

Hand Weapons
 b - a +0 dagger of speed (weapon)
Armour
 a - a +0 robe (worn)
 g - a scarf of resistance (worn)
Wands
 h - a wand of polymorph (11)
Scrolls
 f - a scroll of magic mapping
 i - a scroll of identify
 j - a scroll of vulnerability {unknown}
Potions
 d - a potion of lignification
 e - 3 potions of cancellation


   Skills:
 + Level 4.9 Dodging
 + Level 3.9 Stealth
 + Level 3.9 Spellcasting


You couldn't memorise any spells.
You knew the following spells:

 Your Spells              Type           Power      Damage    Failure   Level
a - Foxfire               Conj/Fire      68%        2x1d7     3%          1
b - Scorch                Fire           34%        2d7       4%          2
c - Conjure Flame         Conj/Fire      17%        6-21      9%          3
d - Inner Flame           Hex/Fire       17%        N/A       9%          3
e - Flame Wave            Conj/Fire      17%        2d6       28%         4
f - Freeze                Ice            68%        1d8       3%          1
g - Blink                 Tloc           34%        N/A       4%          2
h - Searing Ray           Conj           34%        2d5       4%          2
Your spell library was empty.

Dungeon Overview and Level Annotations

Branches:
Dungeon (5/15)
 Temple: D:4-7

Altars:
Zin

Annotations:
D:4 2 transporters, Fractals's ghost, novice DrCj; Ijyb
D:5 Menkaure


Innate Abilities, Weirdness & Mutations

You are immune to sickness and miasma.
You are immune to poison.
Your flesh is very heat resistant. (rF++)
You are vulnerable to cold. (rC-)
You float through the air rather than walking.
You learn spells naturally, not from books.
Your magical power is your life essence.
You have superior vitality. (+4 MHP)


Message History

You conjure some foxfire!
The foxfire hits the hound.
The hound is severely wounded.
The foxfire hits the hound.
The hound is almost dead.
The foxfire hits the hound.
You kill the hound!
Your magical contamination has completely faded away.
Ijyb is nearby!
You conjure some foxfire!
Your foxfire dissipates! x2
Ijyb screams, "Me kill you!"
You conjure some foxfire!
The foxfire hits Ijyb.
Ijyb is lightly wounded.
You conjure some foxfire!
The foxfire hits Ijyb but does no damage.
Ijyb is lightly wounded.
The foxfire hits Ijyb but does no damage.
Ijyb is lightly wounded.
You conjure some foxfire!
The foxfire hits Ijyb but does no damage.
Ijyb is lightly wounded.
The foxfire hits Ijyb.
Ijyb is moderately wounded.
You miscast Foxfire.
You are very lightly contaminated with residual magic.
Nothing appears to happen.
The foxfire hits Ijyb but does no damage.
Ijyb is moderately wounded.
The foxfire hits Ijyb.
Ijyb is moderately wounded.
The foxfire hits Ijyb.
Ijyb is heavily wounded.
Ijyb zaps a wand.
The bolt of acid hits you!!
* * * LOW HITPOINT WARNING * * *
Okay, then.
As you read the scroll labelled NIME RINUICS, it crumbles to dust.
It is a scroll of amnesia.
You feel forgetful for a moment.
Ijyb zaps a wand.
The bolt of acid hits you!!
Ouch! That really hurt!
You die...

.#
........................
g#
#####..............©...
.# #...###.......####. .#
#..##W###...###[##. .#
#..#.#: #..##..###. #..##
..####... #.. #
#.##...##...x5..#..##. #.
#.##....##.#...#..#.##
#.##.##§@...#x#..$.##^..#
#.....†§§.###..####.#..##
.....)§.## ## .##.. #.
........# ..#. #.
######.##.g# # ##
#<####.§...## . #
#(..........# #. ##
#########...#©##..##
####. ...###.... ##....


You could see a small abomination and Ijyb.

Vanquished Creatures
  A scorpion (D:4)
  Dowan (D:4)
  2 hounds (D:4)
  A jelly (D:5)
  An iguana (D:4)
  A killer bee zombie (D:4)
  Robin (D:2)
  4 gnolls
  4 adders
  A white imp (D:4)
  An adder skeleton (D:4)
  4 worms
  A dart slug (D:2)
  An orc (D:3)
  11 ball pythons
  7 bats
  4 endoplasms
  3 giant cockroaches
  18 goblins
  14 hobgoblins
  6 jackals (D:3)
  7 kobolds
  2 quokkas
  4 frilled lizards
  5 rats
105 creatures vanquished.

Vanquished Creatures (others)
  393 foxfires
393 creatures vanquished.

Grand Total: 498 creatures vanquished

Notes
Turn   | Place    | Note
-------+----------+-------------------------------------------
     0 | D:1      | smarlow the Djinni Fire Elementalist began the quest for
                  | the Orb.
     0 | D:1      | Reached XP level 1. HP: 15/15 MP: 0/0
   111 | D:1      | Found a faded altar of an unknown god.
   214 | D:1      | Reached XP level 2. HP: 19/21 MP: 0/0
   489 | D:1      | Reached XP level 3. HP: 24/25 MP: 0/0
   489 | D:1      | Learned a level 1 spell: Freeze
   957 | D:2      | Reached skill level 3 in Dodging
  1280 | D:2      | Reached XP level 4. HP: 27/31 MP: 0/0
  1352 | D:2      | Found a glowing silver altar of Zin.
  1365 | D:2      | Noticed Robin
  1372 | D:2      | Killed Robin
  1911 | D:2      | Reached XP level 5. HP: 31/35 MP: 0/0
  1911 | D:2      | Learned a level 2 spell: Blink
  3745 | D:4      | Noticed Dowan
  3924 | D:4      | Noticed Ijyb
  4189 | D:4      | Reached skill level 4 in Dodging
  4189 | D:4      | Reached XP level 6. HP: 37/40 MP: 0/0
  4402 | D:4      | Found a transporter.
  4496 | D:4      | Found a transporter.
  4508 | D:5      | Entered Level 5 of the Dungeon
  4753 | D:5      | Noticed Menkaure
  4754 | D:5      | Reached XP level 7. HP: 14/45 MP: 0/0
  4754 | D:5      | Learned a level 2 spell: Searing Ray
  4969 | D:4      | Noticed a small abomination
  4976 | D:4      | Noticed Fractals's ghost (novice DrCj)
  5005 | D:4      | Killed Dowan
  5021 | D:4      | Killed from afar by Ijyb

Illustrated notes

Levels and vault maps discovered:
D:1:      dpeg_arrival_court, layout_rooms, ebering_ecumenical_altar_abandoned
D:2:      kennysheep_six_static_rooms, layout_rooms, basic_altar, uniq_robin
D:3:      minmay_recursive_quarters, layout_basic
D:4:      layout_basic, gammafunk_ghost_abyssal_escape, uniq_duvessa, uniq_ijyb
D:5:      layout_cave_pools, uniq_menkaure

Skill      XL: |  1  2  3  4  5 |
---------------+----------------+-----
Stealth        | 2 3 |  3.9
Dodging        | 3 4 |  4.9
Spellcasting   | 3 |  3.9

Action                   |  1- 3 |  4- 6 |  7- 9 || total
-------------------------+-------+-------+-------++-------
 Cast: Foxfire           |    63 |   142 |    21 ||   226
       Scorch            |     2 |    25 |       ||    27
  Use: Scroll            |       |     3 |     1 ||     4
Dodge: Dodged            |     7 |    17 |       ||    24
